Map: [EWC] Alcyone

Players

SHIN

  • Race: Zerg Zerg
  • Spawn Location: 1:00

Cure - Winner!

  • Race: Terran Terran
  • Spawn Location: 7:00

Event: Esports World Cup 2024

VOD

Have the link to the VOD?

Description

Time

  • Played on: Aug. 17, 2024, 5:55 a.m.
  • Length: 15:04

All games in this series

Show
View Real Time Build Order
Export as new Build Order

SHIN Zerg 

Build Orders: Hatch First 

Get SALT Encoding   

  12  0:00  Drone  
  13  0:08  Drone  
  14  0:14  Extractor  
  14  0:15  Drone  
  15  0:36  Hatchery  
  15  0:40  Extractor  
  15  0:41  Drone  
  15  0:49  Overlord  
  15  0:55  Extractor  
  14  1:04  Spawning Pool  
  14  1:08  Drone  
  14  1:11  Drone  
  14  1:15  Drone  
  16  1:20  Drone  
  17  1:30  Drone  
  18  1:41  Drone  
  19  1:50  Queen x2  
  19  1:54  Drone  
  24  2:00  Metabolic Boost  
  24  2:03  Zergling x2  
  24  2:07  Drone  
  26  2:12  Overlord  
  26  2:16  Drone  
  26  2:17  Drone  
  28  2:27  Drone  
  28  2:31  Drone x2  
  28  2:33  Queen  
  32  2:38  Overlord  
  32  2:42  Drone  
  33  2:46  Drone  
  34  2:59  Zergling x4  
  34  3:01  Zergling x6  
  39  3:08  Zergling x4  
  39  3:10  Hatchery  
  40  3:15  Queen  
  42  3:20  Overlord  
  42  3:24  Drone x2  
  44  3:35  Overlord  
  44  3:37  Queen  
  44  3:39  Drone  
  44  3:40  Drone  
  48  3:42  Drone  
  48  3:43  Drone  
  48  3:50  Drone x4  
  48  3:52  Drone  
  50  3:57  Queen  
  50  3:58  Drone  
  50  4:00  Drone  
  52  4:09  Drone x2  
  54  4:15  Zergling x2  
  54  4:16  Queen, Zergling x4  
  57  4:21  Overlord  
  57  4:23  Drone x2  
  61  4:24  Queen  
  61  4:30  Zergling x2  
  63  4:31  Drone  
  63  4:32  Drone x2  
  66  4:38  Queen  
  66  4:39  Overlord  
  66  4:41  Drone  
  66  4:43  Drone x2  
  66  4:44  Drone  
  66  4:45  Spore Crawler  
  71  4:47  Spore Crawler  
  71  4:50  Spore Crawler  
  71  4:51  Drone  
  71  4:52  Drone  
  71  4:54  Drone x2  
  71  4:58  Drone x2  
  71  4:59  Drone x2  
  77  5:04  Lair  
  77  5:05  Zergling x2  
  78  5:09  Zergling x6  
  78  5:11  Drone  
  78  5:12  Overlord  
  82  5:20  Hatchery  
  81  5:22  Drone  
  81  5:27  Baneling Nest, Extractor  
  81  5:28  Drone, Overlord  
  80  5:29  Drone  
  80  5:31  Drone  
  80  5:32  Drone x3  
  80  5:33  Drone  
  80  5:35  Drone  
  88  5:38  Drone, Extractor  
  88  5:39  Drone x2, Extractor  
  89  5:43  Zergling x2  
  89  5:44  Overlord x2  
  89  5:49  Drone, Evolution Chamber  
  89  5:51  Drone  
  89  5:52  Evolution Chamber, Extractor  
  89  5:53  Drone x3  
  91  6:02  Zergling x10  
  96  6:05  Drone  
  96  6:07  Overseer  
  96  6:09  Drone x3  
  100  6:12  Centrifugal Hooks  
  100  6:17  Drone x2  
  100  6:18  Zerg Melee Weapons Level 1  
  99  6:20  Drone x4  
  99  6:22  Drone  
  104  6:26  Drone, Zerg Ground Armor Level 1  
  104  6:28  Drone  
  106  6:37  Hydralisk Den, Zergling x6  
  108  6:41  Hatchery  
  108  6:42  Zergling x10  
  112  6:48  Spore Crawler  
  112  6:50  Overlord  
  112  6:51  Drone x5  
  115  6:58  Extractor  
  115  6:59  Zergling x10  
  118  7:02  Overlord x2  
  118  7:04  Overlord  
  118  7:06  Overlord  
  115  7:14  Hydralisk x5, Grooved Spines  
  121  7:18  Baneling x9  
  121  7:19  Drone x2  
  123  7:24  Drone  
  123  7:25  Drone x5  
  123  7:28  Hydralisk x2  
  131  7:33  Zergling x8  
  131  7:35  Zergling x6  
  138  7:39  Overlord, Hydralisk  
  138  7:40  Zergling x2  
  141  7:44  Overseer  
  141  7:45  Pneumatized Carapace  
  141  7:46  Hydralisk x2  
  141  7:47  Drone  
  141  7:48  Drone x2  
  141  7:50  Extractor  
  147  7:57  Zergling x14  
  154  8:01  Zergling x4  
  156  8:08  Muscular Augments  
  156  8:09  Zergling x18  
  164  8:15  Zergling x6  
  164  8:17  Overlord x2  
  164  8:18  Baneling, Overlord  
  164  8:19  Baneling x14  
  166  8:23  Overlord x2  
  166  8:24  Baneling  
  166  8:25  Baneling x5  
  164  8:34  Zergling x2  
  164  8:35  Overlord, Zerg Ground Armor Level 2  
  164  8:36  Zergling x2  
  164  8:37  Zergling x14  
  173  8:42  Zergling x12  
  173  8:45  Overseer  
  173  8:47  Baneling x7  
  178  8:49  Zergling x2  
  178  8:50  Zergling x8  
  178  8:53  Zergling x8  
  185  8:57  Zerg Melee Weapons Level 2  
  185  9:00  Zergling x2  
  185  9:01  Zergling x8  
  189  9:08  Zergling x18  
  186  9:12  Zergling x2  
  186  9:13  Zergling x8  
  186  9:15  Baneling x5  
  186  9:16  Baneling x2  
  191  9:19  Zergling x10  
  196  9:29  Zergling x2  
  196  9:30  Zergling x22  
  182  9:37  Zergling x16  
  158  9:38  Baneling  
  158  9:40  Baneling x8  
  158  9:42  Hydralisk  
  158  9:43  Zergling x6  
  163  9:45  Hydralisk  
  163  9:46  Zergling x2, Hydralisk  
  163  9:47  Baneling  
  163  9:48  Baneling x3  
  163  9:51  Zergling x8  
  172  9:57  Infestation Pit  
  172  9:59  Hydralisk  
  164  10:00  Zergling x10  
  164  10:05  Hydralisk x5  
  152  10:07  Zergling x2  
  152  10:09  Zergling x6  
  152  10:13  Zergling x6  
  151  10:18  Baneling x9  
  151  10:19  Hydralisk x2  
  151  10:20  Zergling x2  
  150  10:21  Zergling x4  
  150  10:23  Baneling x6  
  150  10:27  Zergling x8  
  156  10:29  Zergling x6  
  156  10:32  Zergling x8  
  162  10:36  Zergling x10  
  162  10:40  Zergling x6  
  166  10:46  Zergling x4  
  163  10:51  Zergling x10  
  163  10:53  Baneling x12  
  163  10:56  Zergling x10  
  167  11:01  Zergling x2  
  167  11:02  Baneling, Zergling x10  
  167  11:03  Baneling x13  
  171  11:07  Zergling x2  
  171  11:08  Zergling x8  
  174  11:13  Zergling x4  
  171  11:18  Zergling x2  
  171  11:19  Zergling x10  
  171  11:24  Hydralisk  
  171  11:25  Zergling x8  
  155  11:29  Zergling x4  
  141  11:33  Zergling x12  
  141  11:35  Hive  
  141  11:37  Baneling x7  
  141  11:38  Baneling x5  
  141  11:39  Hydralisk  
  147  11:40  Zergling x6  
  147  11:41  Baneling x3  
  147  11:42  Baneling  
  147  11:45  Zergling x8  
  156  11:48  Queen  
  156  11:50  Zerg Missile Weapons Level 1  
  156  11:51  Zergling x2  
  160  11:54  Zergling x6  
  160  11:58  Zergling x2  
  160  11:59  Zergling x8  
  166  12:04  Zergling x2  
  166  12:05  Zergling x12  
  173  12:13  Spore Crawler  
  173  12:14  Zergling x8  
  167  12:23  Drone x6  
  167  12:27  Zergling x12, Extractor  
  178  12:30  Hatchery  
  164  12:47  Extractor  
  164  12:48  Viper x2  
  164  12:49  Viper  
  172  12:51  Zergling x22  
  172  12:55  Zergling x2  
  174  13:02  Extractor  
  174  13:04  Zergling x14  
  180  13:08  Ultralisk Cavern  
  180  13:11  Zergling x6  
  182  13:14  Overlord x3  
  182  13:17  Overlord  
  182  13:19  Extractor  
  175  13:22  Drone x6  
  175  13:24  Baneling x7  
  175  13:26  Zergling x2  
  182  13:34  Zergling x22  
  187  13:45  Zergling x4  
  189  13:50  Baneling x6  
  189  13:52  Baneling x9  
  189  13:55  Zergling x6  
  189  13:56  Hatchery  
  189  14:00  Zergling x16  
  199  14:04  Hatchery  
  199  14:05  Baneling x9  
  199  14:09  Zergling x6  
  198  14:12  Zergling x8  
  198  14:14  Baneling x8  
  188  14:27  Zergling x24  
  156  14:31  Zergling x2  
  156  14:34  Zergling x2  
  156  14:39  Zergling x2  
  156  14:42  Baneling x5  
  156  14:43  Zergling x2  
Show
View Real Time Build Order
Export as new Build Order

Cure Terran - Winner!

Build Orders: Reaper Expand, Hellion Banshee 

Get SALT Encoding   

  12  0:00  SCV  
  13  0:12  SCV  
  14  0:16  Supply Depot  
  14  0:24  SCV  
  15  0:38  SCV  
  15  0:40  Barracks  
  15  0:42  Refinery  
  16  0:50  SCV  
  17  1:02  SCV  
  18  1:14  SCV  
  19  1:26  Orbital Command, Reaper  
  20  1:37  Command Center  
  20  1:46  Supply Depot  
  20  1:52  SCV  
  21  1:58  Marine  
  22  2:04  SCV  
  23  2:10  Factory  
  23  2:16  SCV, Marine  
  25  2:28  SCV  
  26  2:35  Command Center  
  26  2:40  SCV, Barracks Reactor  
  27  2:50  Orbital Command  
  27  2:53  SCV  
  27  2:57  Starport  
  28  3:05  SCV  
  29  3:06  Refinery  
  29  3:15  SCV  
  29  3:17  SCV  
  35  3:20  Hellion x2  
  35  3:22  Barracks Tech Lab  
  35  3:27  SCV  
  35  3:29  SCV  
  37  3:39  SCV  
  39  3:41  SCV  
  39  3:43  Banshee  
  39  3:44  Hellion x2  
  46  3:51  SCV  
  41  3:56  Orbital Command  
  41  3:58  SCV  
  41  4:00  Cloaking Field  
  41  4:04  SCV  
  41  4:08  Hellion x2  
  46  4:11  Barracks Tech Lab, SCV  
  46  4:16  SCV  
  48  4:17  Orbital Command  
  48  4:23  SCV  
  49  4:25  Banshee  
  49  4:28  SCV  
  53  4:33  Marine  
  53  4:35  SCV  
  55  4:40  Supply Depot, SCV, Stimpack  
  56  4:46  SCV, Barracks  
  56  4:47  SCV  
  56  4:48  Barracks  
  56  4:49  Factory Reactor  
  56  4:50  Marine  
  56  4:52  SCV  
  60  4:58  SCV  
  61  5:01  SCV  
  61  5:02  Supply Depot, Refinery  
  61  5:04  SCV, Refinery  
  63  5:09  Marine  
  63  5:10  SCV  
  63  5:13  SCV, Engineering Bay  
  66  5:14  Engineering Bay  
  66  5:16  SCV  
  67  5:23  SCV  
  67  5:25  SCV  
  67  5:27  Starport Reactor  
  69  5:28  SCV  
  69  5:29  Marine  
  69  5:33  Supply Depot  
  71  5:36  Barracks x2  
  71  5:38  Supply Depot  
  71  5:40  SCV  
  71  5:41  SCV x2  
  71  5:42  Terran Infantry Weapons Level 1, Terran Infantry Armor Level 1  
  74  5:48  Marine x3  
  77  5:55  SCV x3, Siege Tank  
  83  5:59  Supply Depot x2  
  83  6:05  Marine x2  
  83  6:06  Refinery, Medivac  
  83  6:07  SCV x3  
  90  6:11  Marine x3  
  90  6:13  Supply Depot  
  93  6:21  SCV x3  
  93  6:22  Medivac  
  93  6:23  Combat Shield  
  93  6:24  Barracks Reactor  
  98  6:26  Supply Depot  
  98  6:29  Supply Depot, Barracks Reactor  
  98  6:32  Marine x4  
  102  6:33  SCV x3, Marine  
  106  6:45  Armory  
  106  6:48  Barracks x2  
  106  6:49  Marine x4, Barracks  
  110  6:54  Siege Tank  
  110  6:57  SCV x3  
  110  6:59  Marine  
  117  7:07  Marine x3  
  120  7:11  Marine x4  
  120  7:12  Marine  
  120  7:16  Marine  
  120  7:17  Medivac  
  120  7:18  Medivac  
  125  7:23  Supply Depot  
  125  7:24  Supply Depot  
  125  7:25  Marine x3  
  125  7:26  Siege Tank  
  125  7:28  Marine x2  
  133  7:39  Supply Depot  
  133  7:40  Supply Depot, Terran Infantry Armor Level 2, Terran Infantry Weapons Level 2  
  133  7:45  Marine x8  
  133  7:47  Marine x4  
  145  7:52  Medivac  
  145  7:57  Supply Depot x2  
  147  8:00  Siege Tank  
  147  8:02  Supply Depot, Marine x4  
  154  8:08  Marine x4  
  154  8:09  Medivac  
  160  8:19  Marine x4  
  164  8:20  Marine x2  
  164  8:23  Marine x2  
  168  8:30  Marine x4  
  168  8:33  Siege Tank  
  175  8:36  Marine x2  
  175  8:38  Marine x4  
  175  8:39  Medivac x2  
  175  8:41  Marine x2  
  185  8:44  Supply Depot  
  185  8:48  Marine x2  
  189  9:05  Marine x8  
  189  9:08  Marine x3  
  189  9:09  Marine, Medivac  
  196  9:11  Medivac  
  196  9:12  Siege Tank  
  197  9:26  Marine x2  
  197  9:27  Marine x10  
  149  9:39  Medivac  
  149  9:43  Marine, Medivac  
  149  9:44  Siege Tank, Marine x4  
  149  9:45  Marine x7  
  166  10:00  Command Center  
  166  10:01  Marine  
  166  10:02  Marine x6  
  166  10:03  Marine x5  
  142  10:09  Medivac  
  142  10:13  Medivac  
  138  10:19  Marine x2  
  138  10:20  Siege Tank, Marine x5  
  138  10:21  Marine x4  
  149  10:26  Marine  
  152  10:37  Marine x2  
  152  10:38  Marine x5  
  152  10:40  Medivac  
  152  10:41  Marine x4  
  162  10:43  Medivac  
  162  10:44  Marine  
  162  10:45  Terran Infantry Weapons Level 3  
  155  10:55  Marine x2  
  155  10:56  Marine x5  
  162  10:58  Marine  
  162  11:01  Marine x4  
  162  11:02  Siege Tank  
  169  11:05  Terran Infantry Armor Level 3  
  167  11:12  Marine  
  167  11:13  Marine  
  167  11:14  Marine x2  
  167  11:15  Marine x2  
  167  11:17  Medivac x2  
  177  11:21  Marine x3  
  177  11:22  Marine  
  177  11:25  Marine x2  
  136  11:35  Marine x6  
  140  11:41  Marine x4  
  140  11:43  Marine  
  140  11:45  Marine  
  146  11:47  Medivac  
  146  11:53  Marine x6  
  154  11:57  SCV x3  
  154  11:58  Marine  
  158  12:01  Factory  
  158  12:12  Marine x4  
  158  12:14  Planetary Fortress, Siege Tank  
  165  12:17  Marine x6  
  165  12:20  Marine x2  
  171  12:30  Marine x2  
  171  12:40  Marine x2  
  171  12:41  Marine x4  
  171  12:42  Medivac x2  
  171  12:44  Terran Vehicle Weapons Level 1  
  181  12:45  Barracks Tech Lab, Ghost Academy  
  181  12:46  Barracks Tech Lab x2  
  181  12:49  Marine x2  
  181  12:50  Marine  
  182  12:51  Factory Tech Lab  
  166  12:58  SCV x2, Marine  
  166  12:59  SCV x2  
  166  13:01  Sensor Tower  
  166  13:03  Siege Tank  
  166  13:05  Marine x6, Sensor Tower  
  180  13:13  Siege Tank  
  180  13:19  Ghost x3  
  184  13:40  Siege Tank  
  187  13:45  Siege Tank, Command Center  
  190  13:49  Marine x3, Marauder x2  
  190  13:50  Marine, Marauder  
  200  13:56  Refinery  
  190  14:18  Marine x3  
  190  14:19  Marine, Marauder x2  
  189  14:29  Marine x4, Marauder x2  
  123  14:31  Medivac x2  
  168  14:32  Siege Tank  
  168  14:36  Marine x2  
  170  14:40  Marine x2, Marauder  
  170  14:41  Marauder  
Tags
 
Add a new tag
Caveats
  • Supply blocks, unpowered buildings, or Contaminate may cause inaccurate times.
  • Supply counts are checked every 10 seconds.